 Dungeon Crawl Stone Soup version 0.31-a0-1-g4198be8af4 (webtiles) character file.

Game seed: 4324539458976205906

52 NinjaNoafa the Chopper (level 3, -1/27 (30) HPs)
             Began as a Hill Orc Reaver on May 2, 2023.
             Slain by a kobold
             ... wielding a +0 dagger
              (2 damage)
             ... on level 2 of the Dungeon.
             The game lasted 00:03:50 (1122 turns).

NinjaNoafa the Chopper (Hill Orc Reaver)            Turns: 1122, Time: 00:03:51

HP:   -1/27 (30)    AC:  3    Str: 14    XL:     3   Next: 85%
MP:   6/6           EV: 11    Int: 13    God:
Gold: 80            SH:  0    Dex: 11    Spells: 5/6 levels left

rFire   . . .        a - +0 hand axe
rCold   . . .        (no shield)
rNeg    . . .        b - +0 leather armour
rPois   .            (no helmet)
rElec   .            (no cloak)
rCorr   .            (no gloves)
SInv    .            (no boots)
Will    .....        d - amulet of magic regeneration
Stlth   +            (no ring)
HPRegen 0.24/turn    (no ring)
MPRegen 0.50/turn

%: no passive effects
@: heavily drained
A: no striking features
a: no special abilities


You were on level 2 of the Dungeon.
You visited 1 branch of the dungeon, and saw 2 of its levels.

You collected 80 gold pieces.

Inventory:

Hand Weapons
 a - a +0 hand axe (weapon)
Missiles
 m - 5 poisoned darts
Armour
 b - a +0 leather armour (worn)
Jewellery
 d - an amulet of magic regeneration (around neck)
Scrolls
 c - a scroll of teleportation {unknown}
 e - a scroll of immolation {unknown}
 f - a scroll of amnesia {unknown}
 g - a scroll of poison {unknown}
 i - 2 scrolls of identify {unknown}
 j - a scroll of brand weapon {unknown}
 n - a scroll of fog {unknown}
 p - 2 scrolls of torment {unknown}
 r - a scroll of enchant armour {unknown}
Potions
 h - a potion of resistance {unknown}
 k - a potion of flight {unknown}
 l - a potion of curing
 o - a potion of ambrosia {unknown}
 q - a potion of heal wounds {unknown}


   Skills:
 - Level 2.4 Fighting
 + Level 4.6 Axes
 - Level 1.5 Dodging
 + Level 2.0 Spellcasting
 + Level 3.4 Conjurations
 + Level 1.4 Necromancy


You had 5 spell levels left.
You knew the following spells:

 Your Spells              Type           Power      Damage    Failure   Level
a - Kiss of Death         Conj/Necr      28%        2d7       12%         1

Your spell library contained the following spells:

 Spells                   Type           Power      Damage    Failure   Level
 Momentum Strike          Conj/Tloc      10%        3d8       24%         2
 Sublimation of Blood     Necr           5%         N/A       26%         2
 Ensorcelled Hibernation  Hex/Ice        2%         N/A       43%         2
 Passwall                 Tmut/Erth      0%         N/A       43%         2
 Hailstorm                Conj/Ice       5%         3d4       43%         3
 Swiftness                Air            1%         N/A       67%         3
 Petrify                  Tmut/Erth      1%         N/A       97%         4
 Irradiate                Conj/Tmut      2%         3d12      99%         5


Dungeon Overview and Level Annotations

Branches:
Dungeon (2/15)

Altars:


Message History

* * * LOW HITPOINT WARNING * * *
The ball python bites you.
* * * LOW HITPOINT WARNING * * *
The ball python constricts you.
* * * LOW HITPOINT WARNING * * *
Unknown command.
Unknown command.
The ball python's grasp on you weakens, but your attempt to escape fails.
The jackal bites you but does no damage.
The ball python bites you.
* * * LOW HITPOINT WARNING * * *
The ball python constricts you. The jackal barely misses you.
Unknown command.
Unknown command.
You escape the ball python's grasp.
The kobold throws a stone.
The stone hits you but does no damage.
Unknown command.
You hit the ball python.
You kill the ball python!
You closely miss the jackal. The jackal bites you.
* * * LOW HITPOINT WARNING * * *
The jackal bites you.
* * * LOW HITPOINT WARNING * * *
Unknown command.
Unknown command.
You slash the jackal!
You kill the jackal!
The kobold throws a stone.
The stone misses you.
Unknown command.
The kobold hits you but does no damage.
You see here a jackal corpse.
You barely miss the kobold. The kobold hits you with a +0 dagger.
* * * LOW HITPOINT WARNING * * *
Unknown command.
Unknown command.
Okay, then.
You miss the kobold. The kobold hits you with a +0 dagger.
* * * LOW HITPOINT WARNING * * *
The kobold hits you with a +0 dagger.
You die...

......###.## ##. ..
####.......... ...# #!
.............. #..##.
#.......... ......
#..>...)... ....
#.......... #..##
####.##..## #.K##
#÷###.## ...##.†@## ##.#
#... ..........#######..#
#..#
...................###...
........................#
.#####.........#####.....
#...........####.###
#...^........##..#
#.........##....##
#................###


You could see a kobold.

Vanquished Creatures
  An adder (D:2)
  A worm (D:2)
  3 dart slugs
  5 ball pythons
  An endoplasm (D:1)
  5 giant cockroaches
  4 goblins
  3 hobgoblins (D:1)
  2 jackals (D:2)
  2 kobolds (D:1)
  A quokka (D:2)
  A bat (D:1)
  A frilled lizard (D:2)
  2 rats (D:1)
32 creatures vanquished.

Notes
Turn   | Place    | Note
-------+----------+-------------------------------------------
     0 | D:1      | NinjaNoafa the Hill Orc Reaver began the quest for the Orb.
     0 | D:1      | Reached XP level 1. HP: 18/18 MP: 3/3
   123 | D:1      | Reached XP level 2. HP: 24/25 MP: 4/4
   128 | D:1      | Found a faded altar of an unknown god.
   192 | D:1      | You fall into a shaft and drop 1 floor!
   243 | D:2      | Reached skill level 1 in Necromancy
   280 | D:1      | Reached XP level 3. HP: 28/29 MP: 5/5
  1121 | D:2      | HP: 1/27 [kobold/+0 dagger (2)]
  1122 | D:2      | Slain by a kobold

Illustrated notes

Levels and vault maps discovered:
D:1:      beargit_arrival_greenhouse, layout_basic,
          dreamdust_ecumenical_altar_statues, minmay_pentomino_t4
D:2:      layout_rooms, grunt_ministairs_2, hangedman_feature_mirror

Skill      XL: |  1  2  3 |
---------------+----------+-----
Necromancy     | 1 |  1.4
Spellcasting   | 2 |  2.0
Fighting       | |  2.4
Axes           | |  4.6
Dodging        | |  1.5
Conjurations   | |  3.4

Action                     || total
---------------------------++-------
  Melee: Hand axe          ||   106
   Cast: Kiss of Death     ||     2
    Use: Potion            ||     1
 Armour: Leather armour    ||    34
  Dodge: Dodged            ||    68

Table legend: (Time is in decaauts)
 A = Elapsed time spent in this place.
 B = Non-inter-level travel time spent in this place.
 C = Inter-level travel time spent in this place.
 D = Time resting spent in this place.
 E = Time spent auto-exploring this place.
 F = Levels seen in this place.
 G = Mean time per level.
                   A        B        C        D        E       F      G
               +--------+--------+--------+--------+--------+-----+--------+
         Total |   1132 |   1091 |     41 |      0 |    729 |   2 |  566.0 |
       Dungeon |   1132 |   1091 |     41 |      0 |    729 |   2 |  566.0 |
               +--------+--------+--------+--------+--------+-----+--------+

Top non-repeatable levels by time:
     D:1: 866 daAuts
     D:2: 265 daAuts
